 Dungeon Crawl Stone Soup version 0.29.0-10-g45618ea6d2 (webtiles) character file.

Game seed: 8241056402571069388

2695 night the Grappler (level 9, -7/63 (72) HPs)
             Began as a Troll Fighter on Sept 2, 2022.
             Was a Believer of Hepliaklqana.
             Mangled by a wight
             ... wielding a +6 long sword
              (15 damage)
             ... on level 8 of the Dungeon.
             The game lasted 00:10:02 (5413 turns).

night the Grappler (Troll Fighter)                  Turns: 5413, Time: 00:10:02

HP:   -7/63 (72)    AC:  5    Str: 30    XL:     9   Next: 38%
MP:   19/19         EV:  8    Int:  4    God:    Hepliaklqana [**....]
Gold: 1139          SH:  9    Dex:  9    Spells: 8/8 levels left

rFire   . . .      SeeInvis +     - Unarmed
rCold   . . .      Faith    .   b - +0 kite shield
rNeg    . . .      Spirit   .   a - +0 robe
rPois   .          Reflect  .   (helmet restricted)
rElec   .          Harm     .   s - +0 cloak
rCorr   .          Rampage  .   (gloves unavailable)
Will    .....                   (boots unavailable)
Stlth   +.........              (no amulet)
HPRegen 1.00/turn               j - ring of see invisible
MPRegen 0.16/turn               z - ring of magical power

@: heavily drained
A: reduced essence, large, unfitting armour, claws 3, regeneration 1, shaggy fur
1, tough skin 1
a: Renounce Religion, Recall Ancestor, Ancestor Identity


You were on level 8 of the Dungeon.
You worshipped Hepliaklqana.
Hepliaklqana was pleased with you.
You visited 2 branches of the dungeon, and saw 9 of its levels.
You also visited: Sewer.

You collected 1139 gold pieces.

Inventory:

Hand Weapons
 w - a +0 broad axe
Missiles
 d - 56 stones (quivered)
 n - a curare-tipped dart
 o - 3 poisoned darts
 p - 4 boomerangs
 u - 3 large rocks
Armour
 a - a +0 robe (worn)
 b - a +0 kite shield (worn)
 s - a +0 cloak (worn)
Jewellery
 j - a ring of see invisible (left claw)
 t - a ring of ice
 z - a ring of magical power (right claw)
Scrolls
 i - 2 scrolls of teleportation
 l - a scroll of enchant weapon
 m - a scroll of immolation
 r - 2 scrolls of magic mapping
 x - a scroll of amnesia
 y - a scroll of identify
Potions
 c - a potion of might
 e - a potion of resistance {unknown}
 f - 3 potions of flight {unknown}
 g - a potion of mutation {unknown}
 h - 4 potions of degeneration {unknown}
 k - 6 potions of curing
 q - 2 potions of invisibility {unknown}
 v - a potion of haste {unknown}


   Skills:
 - Level 2.4 Fighting
 - Level 2.4 Dodging
 + Level 6.9 Shields
 * Level 10.1 Unarmed Combat
 + Level 3.8 Invocations


You had 8 spell levels left.
You didn't know any spells.
Your spell library contained the following spells:

 Spells                   Type           Power      Damage    Failure   Level
 Frozen Ramparts          Ice            0%         1d1       98%         3
 Ice Form                 Ice/Tmut       0%         N/A       100%        4
 Summon Ice Beast         Ice/Summ       0%         N/A       100%        4
 Summon Forest            Summ/Tloc      0%         N/A       100%        5
 Summon Mana Viper        Hex/Summ       0%         N/A       100%        5
 Eringya's Noxious Bog    Tmut/Pois      0%         N/A       100%        6
 Summon Cactus Giant      Summ           0%         N/A       100%        6
 Summon Hydra             Summ           0%         N/A       100%        7


Dungeon Overview and Level Annotations

Branches:
Dungeon (8/15)             Temple (1/1) D:5           Sewer (visited)
   Lair: D:8-11

Altars:
Cheibriados
Elyvilon
Gozag
Hepliaklqana
Makhleb
Okawaru
Trog
Uskayaw
Vehumet
Yredelemnul
Zin
The Shining One


Innate Abilities, Weirdness & Mutations

Your life essence is reduced to manifest your ancestor. (-10% HP)
You are too large for most types of armour.
You have claws for hands.
Your natural rate of healing is unusually fast.
You are covered in fur. (AC +1)
You have tough skin. (AC +1)


Message History

You scratch the wight but do no damage.
The wight hits you with a +6 long sword!
You feel drained.
You barely miss the wight.
Bolek hits the wight with a +0 quarterstaff.
You block the wight's attack. The wight closely misses you.
You scratch the wight but do no damage.
The wight is lightly damaged.
Bolek closely misses the wight.
You completely miss the wight.
The wight is lightly damaged.
The wight hits you with a +2 dire flail!
You feel drained. You block the wight's attack.
Bolek gestures at the wight while chanting.
The puff of frost hits the wight.
The wight resists.
You barely miss the wight.
The wight is moderately damaged.
You block the wight's attack.
The wight hits you with a +6 long sword!
Bolek hits the wight with a +0 quarterstaff!
You scratch the wight but do no damage.
The wight is almost destroyed.
The wight hits you with a +2 dire flail!
You feel drained. You block the wight's attack. The wight closely misses you.
Bolek casts a spell at the wight.
The stone arrow hits the wight!
The wight is destroyed!
You are too injured to fight recklessly!
You are too injured to fight recklessly!
The wight attacks as you move away! The wight barely misses you.
The wight attacks as you move away!
The wight hits you with a +6 long sword!
* * * LOW HITPOINT WARNING * * *
You feel drained.
* * * LOW HITPOINT WARNING * * *
The wight hits Bolek with a +3 falchion.
Bolek hits the wight with a +0 quarterstaff!
The wight attacks as you move away!
The wight hits you with a +6 long sword!
You die...

# +++ + ♣... # ######
♣.... # #....#
♣.......♣ ## #...##
♣.........♣ #.
#..##♣♣...........♣ ##
#.##♣♣z)...........♣♣#
#.#♣♣@Rz............♣♣
#.#♣.................♣
#.'...................
#.'...................
#.'...................
###♣.................♣
♣♣...............♣♣
♣♣.............♣♣
♣♣...........♣♣


You could see the friendly Bolek the battlemage and 2 wights.

Vanquished Creatures
  A wyvern (D:6)
  An orc warrior (D:8)
  2 sky beasts
  Pargi (Sewer)
  2 black bears
  2 ice beasts
  An ogre (D:4)
  2 centaurs
  3 phantoms
  A kobold brigand (D:7)
  4 bullfrogs
  A gnoll sergeant (D:6)
  4 scorpions
  3 hounds (D:5)
  3 jellies
  3 orc priests
  An iguana (D:5)
  2 orc wizards
  Robin (D:4)
  5 gnolls (D:6)
  4 adders
  A river rat (D:4)
  A shadow imp (D:5)
  An ufetubus (D:6)
  A worm (D:3)
  3 dart slugs
  9 orcs
  9 endoplasms
  3 giant cockroaches
  9 goblins
  12 hobgoblins
  5 jackals
  3 quokkas
  7 ball pythons
  4 bats
  3 frilled lizards
  12 kobolds
  6 rats
136 creatures vanquished.

Vanquished Creatures (collateral kills)
  A bullfrog (D:8)
  A wight (D:8)
  A jelly (D:8)
  An orc (D:8)
4 creatures vanquished.

Vanquished Creatures (others)
  3 ancestors
3 creatures vanquished.

Grand Total: 143 creatures vanquished

Notes
Turn   | Place    | Note
-------+----------+-------------------------------------------
     0 | D:1      | night the Troll Fighter began the quest for the Orb.
     0 | D:1      | Reached XP level 1. HP: 22/22 MP: 0/0
    62 | D:1      | Noticed a great orb of eyes
    64 | D:1      | Found a faded altar of an unknown god.
    66 | D:1      | Noticed an eye of devastation
    67 | D:1      | Noticed a golden eye
    67 | D:1      | Noticed a shining eye
    72 | D:1      | Prayed at the altar of an unknown god.
    72 | D:1      | Became a worshipper of the Shining One
    72 | D:1      | Reached * piety under the Shining One
   273 | D:1      | Reached XP level 2. HP: 29/29 MP: 1/1
   709 | D:2      | Reached skill level 3 in Unarmed Combat
   765 | D:2      | Reached XP level 3. HP: 36/36 MP: 2/2
   936 | D:2      | Identified the +2 leather armour "Wetocad" {-Cast rF+++
                  | Regen+ Slay+2}
  1310 | D:3      | Noticed a scorpion
  1311 | D:3      | Reached ** piety under the Shining One
  1320 | D:3      | Killed a scorpion
  1321 | D:3      | Reached skill level 4 in Unarmed Combat
  1321 | D:3      | Reached XP level 4. HP: 30/44 MP: 3/3
  1534 | D:3      | Reached XP level 5. HP: 43/50 MP: 4/4
  1972 | D:4      | Noticed an ogre
  1980 | D:4      | Killed an ogre
  1981 | D:4      | Reached skill level 5 in Unarmed Combat
  2071 | D:4      | Noticed a phantom
  2077 | D:4      | Reached XP level 6. HP: 58/59 MP: 5/5
  2139 | D:4      | Noticed Robin
  2153 | D:4      | Killed Robin
  2295 | D:4      | Found a glowing drain.
  2369 | Sewer    | Entered a sewer
  2423 | Sewer    | Noticed Pargi
  2430 | Sewer    | Killed Pargi
  2431 | Sewer    | Reached skill level 6 in Unarmed Combat
  2632 | D:5      | Entered Level 5 of the Dungeon
  2632 | D:5      | You fall into a shaft and drop 2 floors!
  2677 | D:7      | Reached XP level 7. HP: 61/66 MP: 6/6
  2759 | D:7      | Reached skill level 5 in Shields
  2815 | D:7      | Reached skill level 7 in Unarmed Combat
  2987 | D:5      | Reached XP level 8. HP: 39/74 MP: 7/7
  3044 | D:5      | Found a staircase to the Ecumenical Temple.
  3054 | Temple   | Entered the Ecumenical Temple
  3061 | Temple   | Fell from the grace of the Shining One
  3061 | Temple   | Became a worshipper of Hepliaklqana the Forgotten
  3458 | D:5      | Reached skill level 8 in Unarmed Combat
  3490 | D:5      | Reached skill level 1 in Invocations
  3777 | D:6      | Reached * piety under Hepliaklqana
  3930 | D:6      | Reached skill level 2 in Invocations
  4036 | D:6      | Reached skill level 9 in Unarmed Combat
  4355 | D:7      | Reached XP level 9. HP: 72/72 MP: 10/10
  5012 | D:8      | Identified a scroll of acquirement
  5012 | D:8      | Acquired 753 gold pieces
  5145 | D:8      | Reached ** piety under Hepliaklqana
  5146 | D:8      | Remembered your ancestor Bolek as a battlemage
  5201 | D:8      | Reached skill level 10 in Unarmed Combat
  5412 | D:8      | HP: 9/65 [wight/+6 long sword (11)]
  5413 | D:8      | Mangled by a wight

Illustrated notes

Levels and vault maps discovered:
D:1:      minmay_arrival_three_doors, layout_basic,
          hellmonk_ecumenical_altar_watching_god, hangedman_feature_mirror,
          minmay_tiny_reverse_x
D:2:      layout_basic
D:3:      layout_rooms, st_stairs_7, minivault_11, grunt_decor_resistance
D:4:      layout_gridville, portal_sewer_entry_b, uniq_robin
D:5:      layout_basic, minmay_temple_entry_junction
D:6:      layout_loops_ring
D:7:      layout_basic, small_statue_intersection,
          chequers_serial_rivers_small_b, kennysheep_generic_room_9
D:8:      layout_gridville, kennysheep_cluttered_room, minmay_manual_macuahuitl
Temple:   minmay_freezing_vapour_temple

Skill      XL: |  1  2  3  4  5  6  7  8  9 |
---------------+----------------------------+-----
Shields        | 3 4 5 6 |  6.9
Unarmed Combat | 3 4 5 6 7 9 10 | 10.1
Invocations    | 3 |  3.8
Fighting       | |  2.4
Dodging        | |  2.4

Action                   |  1- 3 |  4- 6 |  7- 9 || total
-------------------------+-------+-------+-------++-------
Melee: Unarmed           |    71 |    89 |   162 ||   322
Throw: Boomerang         |       |     2 |       ||     2
Invok: Divine Shield     |       |     2 |       ||     2
       Ancestor Life: Ba |       |       |     1 ||     1
       Ancestor Identity |       |       |     1 ||     1
  Use: Scroll            |       |    11 |     4 ||    15
       Potion            |       |     1 |       ||     1
Armor: Robe              |    22 |    26 |    33 ||    81
Dodge: Dodged            |    22 |    35 |    49 ||   106
Block: Kite shield       |    23 |    46 |    59 ||   128
